 Dungeon Crawl Stone Soup version 0.30-a0-881-g1ff12e1e11 (webtiles) character file.

Game seed: 2512021845183464388

4246 Firecrotchwizard the Cleaver (level 10, -3/91 HPs)
             Began as a Minotaur Monk on Mar 15, 2023.
             Was an Elder of Makhleb.
             Slain by an orc warlord
             ... wielding a +6 broad axe
              (10 damage)
             ... in a bailey.
             The game lasted 00:11:35 (6268 turns).

Firecrotchwizard the Cleaver (Minotaur Monk)        Turns: 6268, Time: 00:11:35

Health: -3/91      AC: 17    Str: 23    XL:     10   Next: 9%
Magic:  12/12      EV:  8    Int:  9    God:    Makhleb [****..]
Gold:   497        SH:  0    Dex: 20    Spells: 9/9 levels left

rFire   + . .      SeeInvis .    R - +9 hand axe "Killer Bee's Bane" {flame, rF+}
rCold   . . .      Faith    .    (no shield)
rNeg    . . .      Spirit   .    D - +0 plate armour
rPois   .          Reflect  .    (helmet restricted)
rElec   .          Rampage  .    x - +2 cloak
rCorr   .                        (no gloves)
Will    .....                    (no boots) Stlth
                                 j - amulet of regeneration
HPRegen 1.15/turn                t - +6 ring of strength
MPRegen 0.13/turn                p - +6 ring of dexterity

@: no status effects
A: horns 2, retaliatory headbutt
a: Renounce Religion, Minor Destruction, Lesser Servant of Makhleb, Major
Destruction


You were in a bailey.
You worshipped Makhleb.
Makhleb was greatly pleased with you.
You visited 2 branches of the dungeon, and saw 8 of its levels.
You also visited: Bailey.

You collected 497 gold pieces.

Inventory:

Hand Weapons
 r - a +0 war axe
   (You found it on level 5 of the Dungeon)
 R - the +9 hand axe "Killer Bee's Bane" (weapon) {flame, rF+}
   (You found it on level 2 of the Dungeon)

   rF:        It protects you from fire.
Missiles
 b - 6 silver javelins
 e - 4 javelins
 l - 30 poisoned darts
 o - 4 atropa-tipped darts
 s - 78 stones (quivered)
 J - 15 boomerangs
 L - a curare-tipped dart
Armour
 x - a +2 cloak (worn)
   (You found it on level 3 of the Dungeon)
 C - a +0 chain mail
   (You found it on level 4 of the Dungeon)
 D - a +0 plate armour (worn)
   (You found it on level 7 of the Dungeon)
Jewellery
 f - a ring of fire {rF+, rC-}
   (You found it on level 6 of the Dungeon)
 j - an amulet of regeneration (around neck)
   (You found it on level 1 of the Dungeon)
 p - a +6 ring of dexterity (right hand)
   (You found it on level 5 of the Dungeon)
 t - a +6 ring of strength (left hand)
   (You found it on level 2 of the Dungeon)
 F - a ring of protection from fire {rF+, !d}
   (You found it on level 5 of the Dungeon)
Wands
 d - a wand of digging (4)
   (You found it on level 6 of the Dungeon)
 i - a wand of iceblast (6)
   (You took it off Pikel on level 4 of the Dungeon)
Scrolls
 c - 11 scrolls of identify {unknown}
 g - 2 scrolls of immolation {unknown}
 h - a scroll of silence {unknown}
 q - a scroll of poison {unknown}
 u - 3 scrolls of summoning {unknown}
 v - 2 scrolls of enchant armour
 w - 2 scrolls of blinking {unknown}
 A - a scroll of vulnerability {unknown}
 E - 2 scrolls of fear
 I - a scroll of magic mapping {unknown}
 K - a scroll of amnesia
 M - a scroll of brand weapon {unknown}
 Y - 2 scrolls of teleportation {@r3}
Potions
 a - a potion of berserk rage {unknown}
 k - 4 potions of resistance {unknown}
 m - 2 potions of lignification {unknown}
 n - 2 potions of curing {unknown}
 y - a potion of brilliance {unknown}
 z - 2 potions of invisibility {unknown}
 B - 2 potions of mutation {unknown}
 G - a potion of ambrosia {!q}
 H - a potion of haste
 N - a potion of heal wounds {unknown}
 O - 2 potions of flight {unknown}
 P - a potion of might {unknown}
 Q - 2 potions of magic {unknown}


   Skills:
 + Level 9.1 Fighting
 * Level 12.1 Axes
 + Level 8.1 Armour
 - Level 3.2 Dodging
 - Level 1.5 Stealth
 + Level 4.7 Invocations


You had 9 spell levels left.
You didn't know any spells.
Your spell library contained the following spells:

 Spells                   Type           Power      Damage    Failure   Level
 Apportation              Tloc           0%         N/A       99%         1
 Beastly Appendage        Tmut           0%         N/A       99%         1
 Freeze                   Ice            0%         1d3       99%         1
 Necrotise                Necr           0%         1d4       99%         1
 Summon Small Mammal      Summ           0%         N/A       99%         1
 Cigotuvi's Dreadful Rot  Necr/Pois/Air  0%         N/A       100%        2
 Ensorcelled Hibernation  Hex/Ice        0%         N/A       100%        2
 Poisonous Vapours        Pois/Air       0%         N/A       100%        2
 Wereblood                Tmut           0%         N/A       100%        2
 Frozen Ramparts          Ice            0%         1d1       100%        3
 Hailstorm                Conj/Ice       0%         3d3       100%        3
 Mephitic Cloud           Conj/Pois/Air  0%         N/A       100%        3
 Spider Form              Tmut/Pois      0%         N/A       100%        3
 Anguish                  Hex/Necr       0%         N/A       100%        4


Dungeon Overview and Level Annotations

Branches:
Dungeon (7/15)             Temple (1/1) D:4          Bailey (1/1)

Altars:
Cheibriados
Dithmenos
Elyvilon
Fedhas
Gozag
Hepliaklqana
Kikubaaqudgha
Makhleb
Ru
Sif Muna
Wu Jian
Xom
Yredelemnul
Zin

Shops:
D:4 =

Annotations:
D:3 Sigmund
D:4 3 runed translucent doors, Rudyous's ghost, novice GnFE


Innate Abilities, Weirdness & Mutations

You have a pair of horns on your head.
You reflexively headbutt those who attack you in melee.


Message History

You slash the orc warrior! You burn the orc warrior.
Your headbutt misses the orc warrior. You closely miss the kobold.
The orc warrior hits you with a +0 war axe!
The kobold hits you but does no damage.
You take 10 damage, and have 69/91 hp.
You slash the orc warrior! You burn the orc warrior.
You kill the orc warrior!
Makhleb accepts your kill.
You feel better.
You hit the kobold. You burn the kobold.
You kill the kobold!
Makhleb accepts your kill.
You feel better.
You regained 4 hp, and now have 73/91 hp.
You barely miss the kobold. Your headbutt misses the kobold.
The kobold hits you but does no damage.
You slash the kobold! You burn the kobold.
You kill the kobold!
Makhleb accepts your kill.
You feel better.
You regained 2 hp, and now have 76/91 hp.
J - 11 boomerangs (gained 1)
Things that are here:
a +0 war axe; a +0 chain mail; a kobold corpse You regained 2 hp, and now have 78/91 hp.
J - 13 boomerangs (gained 2)
You see here a kobold corpse.
J - 15 boomerangs (gained 2)
You see here a kobold corpse.
Things that are here:
a +0 war axe; a +0 chain mail; a kobold corpse A hobgoblin comes into view.
It is wielding a +0 hand axe.
The hobgoblin shouts!
Health restored: 91
Found a gate leading back out of this place.
There is an open door here.
The hobgoblin hits you but does no damage.
You slash the hobgoblin! You burn the hobgoblin.
You kill the hobgoblin!
Makhleb accepts your kill.
Q - 2 lumpy brown potions (gained 1)
You now have 483 gold pieces (gained 14).
Things that are here:
a +0 hand axe; a +0 leather armour
There is an open door here.
You now have 497 gold pieces (gained 14).
u - 3 scrolls labelled RINEOS UCRYN (gained 1)
H - a potion of haste
R - the +9 hand axe "Killer Bee's Bane" (weapon)
{flame, rF+}
k - 4 fizzy grey potions (gained 1)
You open the gate.
There is an open translucent gate here.
You enter the shallow water.
Moving in this stuff is going to be slow.
Aim: an orc warlord, wielding a +6 broad axe and wearing a +0 crystal plate armour The bolt of fire hits the orc warlord.
You take 5 damage, and have 86/91 hp.
Aim: an orc warlord, wielding a +6 broad axe and wearing a +0 crystal plate armour (lightly wounded)
The bolt of fire hits the orc warlord but does no damage.
You take 5 damage, and have 81/91 hp.
Aim: an orc warlord, wielding a +6 broad axe and wearing a +0 crystal plate armour (lightly wounded)
The bolt of negative energy hits the orc warlord.
The orc warlord is drained!
You take 5 damage, and have 76/91 hp.
You hit the orc warlord but do no damage.
The orc warlord completely misses you.
You hit the orc warlord but do no damage.
You headbutt the orc warlord, but do no damage.
The orc warlord hits you with a +6 broad axe!
You take 12 damage, and have 66/91 hp.
You hit the orc warlord. You burn the orc warlord. You hit the orc warlord.
You burn the orc warlord.
The orc warlord hits you with a +6 broad axe!
You take 11 damage, and have 56/91 hp.
You hit the orc warlord but do no damage.
You headbutt the orc warlord! The orc warlord closely misses you.
You hit the orc warlord. You burn the orc warlord.
You headbutt the orc warlord, but do no damage.
You punch the orc warlord, but do no damage.
You hit the orc warlord but do no damage.
The orc warlord hits you with a +6 broad axe!!
You take 17 damage, and have 41/91 hp.
You slash the orc warlord! You burn the orc warlord!
The orc warlord hits you with a +6 broad axe!
* * * LOW HITPOINT WARNING * * *
You take 16 damage, and have 25/91 hp.
You hit the orc warlord but do no damage.
You headbutt the orc warlord, but do no damage.
The orc warlord hits you with a +6 broad axe.
* * * LOW HITPOINT WARNING * * *
You take 4 damage, and have 21/91 hp.
You hit the orc warlord but do no damage.
You headbutt the orc warlord, but do no damage.
You hit the orc warlord. You burn the orc warlord.
The orc warlord hits you with a +6 broad axe!
* * * LOW HITPOINT WARNING * * *
You take 16 damage, and have 6/91 hp.
You hit the orc warlord. You burn the orc warlord.
You headbutt the orc warlord, but do no damage.
The orc warlord hits you with a +6 broad axe!
You die...

#......####...####......#
♣##....##~~#####~~##....##♣
♣.##...#~}!8...8!=~#†..##.♣
♣♣..###'#~.........~#'###..♣♣
♣...~~~.#~..8...8..~#.~~~...♣
♣...~~~)##.........##.~~~...♣♣
∩...~~~.#~....∩....~#.~~~...∩♣
♣...~~~.#~...o.....~#)†~~...♣
♣...~~~.#~~.8@..8.~~#.)~~...♣
♣♣..###'###.......###†###..♣♣
♣.##....#~.8...8.~#.)..##.♣
♣##.....#~~~~~~~~~#.....##♣
##......####~~~####).....##
#...8......#'''#).....8...#
#...............).........#
#.........................#
##..8..8...........8..8..##


You could see an orc warlord (drained).

Vanquished Creatures
  Pikel (D:4)
  A troll (D:6)
  2 steam dragons (D:6)
  A water moccasin (D:6)
  3 orc warriors
  An ice beast (D:6)
  3 sky beasts (D:6)
  A black bear (D:6)
  3 ogres
  2 phantoms
  2 kobold brigands (D:6)
  Blork the orc (D:4)
  2 bullfrogs
  4 scorpions
  4 wights (D:6)
  2 howler monkeys
  7 hounds
  3 jellies
  2 orc priests
  A gnoll bouda (D:6)
  3 sleepcaps
  Jessica (D:3)
  8 iguanas
  2 orc wizards
  22 gnolls
  9 adders
  2 white imps
  2 ufetubi
  2 worms
  3 dart slugs
  24 orcs
  4 bats
  9 endoplasms
  2 giant cockroaches
  7 goblins
  8 hobgoblins
  6 quokkas
  9 ball pythons
  8 frilled lizards
  22 kobolds
  9 rats
208 creatures vanquished.

Notes
Turn   | Place    | Note
-------+----------+-------------------------------------------
     0 | D:1      | Firecrotchwizard the Minotaur Monk began the quest for the
                  | Orb.
     0 | D:1      | Reached XP level 1. HP: 19/19 MP: 0/0
   148 | D:1      | Reached skill level 4 in Axes
   302 | D:1      | Reached XP level 2. HP: 24/27 MP: 1/1
   420 | D:1      | Reached skill level 1 in Armour
   531 | D:1      | Reached skill level 4 in Fighting
   844 | D:2      | HP: 2/27 [worm (8)]
   845 | D:2      | Reached XP level 3. HP: 2/33 MP: 2/2
  1090 | D:2      | Identified the +9 hand axe "Killer Bee's Bane" {flame, rF+}
  1139 | D:2      | Reached skill level 5 in Axes
  1139 | D:2      | Reached skill level 2 in Armour
  1139 | D:2      | Reached XP level 4. HP: 29/41 MP: 3/3
  1773 | D:3      | Found a basalt altar of Yredelemnul.
  1782 | D:3      | Noticed Jessica
  1785 | D:3      | Reached XP level 5. HP: 47/47 MP: 4/4
  1807 | D:3      | Killed Jessica
  1877 | D:3      | Noticed a phantom
  1890 | D:3      | Killed a phantom
  1891 | D:3      | Reached skill level 5 in Fighting
  1891 | D:3      | Reached skill level 6 in Axes
  1891 | D:3      | Reached skill level 3 in Armour
  2022 | D:3      | Reached XP level 6. HP: 55/56 MP: 5/5
  2087 | D:3      | Noticed Sigmund
  2506 | D:4      | Found a shimmering altar of Xom.
  2574 | D:4      | Found a runed translucent gate.
  2574 | D:4      | Found a runed translucent gate.
  2574 | D:4      | Found a runed translucent gate.
  2579 | D:4      | Noticed Rudyous's ghost (novice GnFE)
  2650 | D:4      | Noticed Pikel
  2677 | D:4      | Killed Pikel
  2678 | D:4      | Reached skill level 6 in Fighting
  2678 | D:4      | Reached skill level 8 in Axes
  2678 | D:4      | Reached skill level 5 in Armour
  2678 | D:4      | Reached XP level 7. HP: 46/64 MP: 6/6
  2777 | D:4      | Noticed Blork the orc
  2790 | D:4      | Killed Blork the orc
  2859 | D:4      | Reached XP level 8. HP: 71/71 MP: 7/7
  2971 | D:4      | Found a staircase to the Ecumenical Temple.
  3003 | Temple   | Entered the Ecumenical Temple
  3080 | Temple   | Became a worshipper of Makhleb the Destroyer
  3080 | Temple   | Reached * piety under Makhleb
  3080 | Temple   | Reached ** piety under Makhleb
  3121 | D:4      | Found Zoypse Erea's Jewellery Shop.
  3592 | D:5      | Entered Level 5 of the Dungeon
  3676 | D:5      | Reached skill level 9 in Axes
  3751 | D:5      | Reached skill level 1 in Invocations
  3958 | D:5      | Found a glowing silver altar of Zin.
  4162 | D:5      | Reached skill level 7 in Fighting
  4279 | D:5      | Reached skill level 6 in Armour
  4527 | D:6      | Reached skill level 2 in Invocations
  4539 | D:6      | Reached skill level 10 in Axes
  4571 | D:6      | Found a white marble altar of Elyvilon.
  4605 | D:6      | Identified the +8 long sword of the Penguin {heavy, Int+3}
  4629 | D:6      | Reached XP level 9. HP: 81/81 MP: 8/10
  4735 | D:6      | Reached skill level 3 in Invocations
  4735 | D:6      | Reached *** piety under Makhleb
  4768 | D:6      | Reached skill level 8 in Fighting
  4772 | D:6      | Reached skill level 7 in Armour
  4797 | D:6      | Reached skill level 11 in Axes
  4863 | D:6      | Noticed a troll
  4869 | D:6      | Killed a troll
  5015 | D:6      | Reached skill level 4 in Invocations
  5511 | D:6      | Found a shimmering blue altar of Sif Muna.
  5769 | D:7      | Reached skill level 8 in Armour
  5861 | D:7      | Reached skill level 9 in Fighting
  5861 | D:7      | Reached skill level 12 in Axes
  5861 | D:7      | Reached XP level 10. HP: 91/91 MP: 12/12
  5863 | D:7      | Reached **** piety under Makhleb
  6037 | D:7      | Found a flagged portal.
  6047 | Bailey   | Entered a bailey
  6052 | Bailey   | Noticed an orc warlord
  6101 | Bailey   | Found a runed translucent gate.
  6101 | Bailey   | Found a runed translucent gate.
  6101 | Bailey   | Found a runed translucent gate.
  6265 | Bailey   | HP: 21/91 [orc warlord/+6 broad axe (4)]
  6267 | Bailey   | HP: 6/91 [orc warlord/+6 broad axe (17)]
  6268 | Bailey   | Slain by an orc warlord

Illustrated notes

Levels and vault maps discovered:
D:1:      mrwooster_arrival_arrow, layout_basic, minmay_pentomino_o2
D:2:      layout_loops_ring, nicolae_kite_square_tiling_tiny,
          kennysheep_cross_room, minmay_misc_feat_iff, grunt_ministairs_2
D:3:      layout_basic, mainiacjoe_overflow_tiny_flanked,
          minmay_close_crescents, uniq_jessica, uniq_sigmund
D:4:      layout_basic, mainiacjoe_overflow_small_starburst,
          minmay_temple_entry_wispy, gammafunk_ghost_necromancy, serial_shops,
          nicolae_shop_stone, uniq_pikel, uniq_blork_the_orc
D:5:      layout_loops_corners, old_standard_altar
D:6:      minmay_razor_zed, layout_loops_cross, grunt_ministairs_10,
          serial_bayou_pond_d, hangedman_feature_mirror
D:7:      layout_basic, enter_bailey_2, nrook_campfire, minivault_24,
          chequers_jeans, kennysheep_small_spiral
Temple:   compressed_dpeg_circular_temple
Bailey:   bailey_axe_bossmonster_kennysheep, bailey

Skill      XL: |  1  2  3  4  5  6  7  8  9 |
---------------+----------------------------+-----
Axes           | 4 5 6 8 10 12 | 12.1
Armour         | 1 2 3 5 6 8 |  8.1
Fighting       | 4 5 6 7 9 |  9.1
Invocations    | 2 4 |  4.7
Dodging        | |  3.2
Stealth        | |  1.5

Action                     |  1- 3 |  4- 6 |  7- 9 | 10-12 || total
---------------------------+-------+-------+-------+-------++-------
  Melee: Hand axe          |    73 |   130 |   194 |    45 ||   442
         Headbutt          |    12 |    23 |    36 |     9 ||    80
         Punch             |     2 |       |     1 |     1 ||     4
 Invoke: Major Destruction |       |       |       |     3 ||     3
    Use: Scroll            |       |       |     7 |       ||     7
   Stab: Sleeping          |     4 |       |       |       ||     4
 Armour: Leather armour    |    12 |       |       |       ||    12
         Scale mail        |     9 |    33 |       |       ||    42
         Chain mail        |       |    17 |    78 |       ||    95
         Plate armour      |       |       |     5 |    22 ||    27
  Dodge: Dodged            |    42 |    64 |    95 |    17 ||   218

Table legend: (Time is in decaauts)
 A = Elapsed time spent in this place.
 B = Non-inter-level travel time spent in this place.
 C = Inter-level travel time spent in this place.
 D = Time resting spent in this place.
 E = Time spent auto-exploring this place.
 F = Levels seen in this place.
 G = Mean time per level.
                   A        B        C        D        E       F      G
               +--------+--------+--------+--------+--------+-----+--------+
         Total |   6241 |   5738 |    503 |     72 |   4428 |   9 |  693.4 |
       Dungeon |   5943 |   5450 |    493 |     59 |   4301 |   7 |  849.0 |
        Temple |     87 |     77 |     10 |      0 |     66 |   1 |   87.0 |
        Bailey |    210 |    210 |      0 |     13 |     61 |   1 |  210.0 |
               +--------+--------+--------+--------+--------+-----+--------+

Top non-repeatable levels by time:
     D:6: 1047 daAuts
     D:2: 976 daAuts
     D:5: 901 daAuts
     D:4: 900 daAuts
     D:1: 870 daAuts
     D:3: 778 daAuts
     D:7: 467 daAuts
  Bailey: 210 daAuts
  Temple: 87 daAuts

Table legend:
 A = Kills in this place as a percentage of kills in the entire game.
 B = Kills by you in this place as a percentage of kills by you in the entire game.
 C = Kills by friends in this place as a percentage of kills by friends in the entire game.
 D = Other kills in this place as a percentage of other kills in the entire game.
 E = Experience gained in this place as a percentage of experience gained in the entire game.
 F = Experience gained in this place divided by the number of levels of this place that you have seen.
                   A       B       C       D       E      F
               +-------+-------+-------+-------+-------+----------------------
         Total | 100.0 | 100.0 |   N/A |   N/A | 100.0 | 674.1
       Dungeon |  89.4 |  89.4 |   N/A |   N/A |  94.4 | 817.9
        Bailey |  10.6 |  10.6 |   N/A |   N/A |   5.6 | 342.0
               +-------+-------+-------+-------+-------+----------------------
